 Dungeon Crawl Stone Soup version 0.32-a0-141-g04fe69798e (webtiles) character file.

Game seed: 3607376592745127561

35 Gladio the Scratcher (level 3, 18/18 HPs)
             Began as a Felid Shapeshifter on Feb 11, 2024.
             Quit the game on level 1 of the Dungeon.
             The game lasted 00:01:38 (674 turns).

Gladio the Scratcher (Felid Shapeshifter)            Turns: 674, Time: 00:01:38

Health: 18/18      AC:  1    Str: 10    XL:     3   Next: 16%
Magic:  4/4        EV: 17    Int: 13    God:
Gold:   12         SH:  0    Dex: 17    Spells: 2/2 levels left
                                        Lives:  0   Deaths: 1

rFire   . .          .
                       - Unarmed
rCold   . . .        (shield unavailable)
rNeg    . . .        (body armour unavailable)
rPois   .            (helmet unavailable)
rElec   .            (cloak unavailable)
rCorr   .            (gloves unavailable)
SInv    +            (boots unavailable)
Will    .....        (no amulet)
Stlth   ++           (no ring)
HPRegen 0.23/turn    (no ring)
MPRegen 0.09/turn

%: no passive effects
@: beast-form
A: beast (slay +1), very small, claws 1, fangs 3, see invisible, shaggy fur 1,
stealthy paws, no weapons or thrown items, no armour, multi-lived
a: Begin Untransformation


You were on level 1 of the Dungeon.
You were a hulking beast.
You visited 1 branch of the dungeon, and saw 1 of its levels.

You collected 12 gold pieces.

Inventory:

Talismans
 b - a beast talisman
 c - a flux talisman
Scrolls
 d - 2 scrolls of teleportation {unknown}
 e - 4 scrolls of identify {unknown}
 f - a scroll of blinking {unknown}


   Skills:
 + Level 1.7 Fighting
 - Level 2.6 Dodging
 * Level 3.7 Unarmed Combat
 + Level 3.0 Shapeshifting


You had 2 spell levels left.
You didn't know any spells.
Your spell library was empty.

Dungeon Overview and Level Annotations

Branches:
Dungeon (1/15)

Altars:


Innate Abilities, Weirdness & Mutations

You are a hulking beast.
Your limbs bulge with bestial killing power. (Slay +1)
You have sharp claws.
You have razor-sharp teeth.
You have supernaturally acute eyesight. (SInv)
You are covered in fur. (AC +1)
Your paws help you pounce on unaware monsters.
You are incapable of wielding weapons or throwing items.
You cannot wear armour.
You gain extra lives every three experience levels.


Message History

You feel sick.
The kobold hits you with a +1 whip of venom.
* * * LOW HITPOINT WARNING * * *
You are lethally poisoned!
You are too injured to fight recklessly!
You are too injured to fight recklessly!
You are too injured to fight recklessly!
You are too injured to fight recklessly!
You are too injured to fight recklessly!
You are too injured to fight recklessly!
You are too injured to fight recklessly!
You are too injured to fight recklessly!
You are too injured to fight recklessly!
You are too injured to fight recklessly!
You are too injured to fight recklessly!
You are too injured to fight recklessly!
You are too injured to fight recklessly!
You are too injured to fight recklessly!
It was a potion of brilliance.
You feel clever all of a sudden.
* * * LOW HITPOINT WARNING * * *
You feel very sick. The kobold barely misses you.
Your transformation has ended.
You turn into a tree.
Your roots penetrate the ground.
* * * LOW HITPOINT WARNING * * *
You feel sick. The kobold barely misses you.
You hit the kobold.
You kill the kobold!
You die...
Your shape twists and changes as you die.
You feel sick.
You feel less wooden.
You turn into a hulking beast.
You rejoin the land of the living...
Unknown command.
Welcome back, Gladio the Felid Shapeshifter.
Press ? for a list of commands and other information.
Autopickup is now off.
Are you sure you want to abandon this character and quit the game? (Confirm with "yes".)

....# #...........#
#........# ...##
#...........#
######..## ...#
#...........#
#......# ...#
#.ß..ß.ß..ß.#
#......# ..##
#...÷....÷..#
#...)..# ..#
#..÷....÷...#
#......# ..#
#.ß..ß.ß..ß.#
#.....)' ..#
#...........#
#......#
#........h..#
##......# ♣♣♣...♣♣♣♣#
#†......# ♣♣♣
#†##'#### ##♣♣♣♣♣##
####.#.....#
#.......#
#....#.....#
#.....#.###
#.####.....#
#..#..#...# #.#
#.....#
#######..##.#.#.# #.#
#..[..#
#...........###.###.#
#.....#


There were no monsters in sight!

Vanquished Creatures
  A dart slug (D:1)
  A ball python (D:1)
  A bat (D:1)
  3 endoplasms (D:1)
  A giant cockroach (D:1)
  3 goblins (D:1)
  2 hobgoblins (D:1)
  7 jackals (D:1)
  A quokka (D:1)
  2 frilled lizards (D:1)
  3 kobolds (D:1)
  3 rats (D:1)
28 creatures vanquished.

Notes
Turn   | Place    | Note
-------+----------+-------------------------------------------
     0 | D:1      | Gladio the Felid Shapeshifter began the quest for the Orb.
     0 | D:1      | Reached XP level 1. HP: 10/10 MP: 2/2
    89 | D:1      | Reached XP level 2. HP: 14/14 MP: 3/3
   608 | D:1      | Reached XP level 3. HP: 15/18 MP: 4/4
   672 | D:1      | HP: 1/27 [poisoned by a kobold]
   673 | D:1      | Succumbed to a kobold's poison
   673 | D:1      | Lost a life (0 lives remaining)
   674 | D:1      | Quit the game

Illustrated notes

Levels and vault maps discovered:
D:1:      giann_forest_graveyard, layout_basic, minmay_hedge_maze

Skill      XL: |  1  2  3 |
---------------+----------+-----
Shapeshifting  | 3 |  3.0
Fighting       | |  1.7
Dodging        | |  2.6
Unarmed Combat | |  3.7

Action                     || total
---------------------------++-------
  Melee: Unarmed           ||    82
         Bite              ||    12
         Punch             ||     4
    Use: Potion            ||     2
   Stab: Sleeping          ||     1
 Armour: Skin              ||    16
  Dodge: Dodged            ||    36

Table legend: (Time is in decaauts)
 A = Elapsed time spent in this place.
 B = Non-inter-level travel time spent in this place.
 C = Inter-level travel time spent in this place.
 D = Time resting spent in this place.
 E = Time spent auto-exploring this place.
 F = Levels seen in this place.
 G = Mean time per level.
                   A        B        C        D        E       F      G
               +--------+--------+--------+--------+--------+-----+--------+
         Total |    669 |    658 |     11 |      0 |    449 |   1 |  669.0 |
       Dungeon |    669 |    658 |     11 |      0 |    449 |   1 |  669.0 |
               +--------+--------+--------+--------+--------+-----+--------+

Top non-repeatable levels by time:
     D:1: 669 daAuts
